 Dungeon Crawl Stone Soup version 0.30.1-9-gdf580d7c3d (webtiles) character file.

Game seed: 6455611661544833966

44549 Psyclone the Devastator (level 13, 0/124 HPs)
             Began as a Deep Elf Conjurer on Oct 8, 2023.
             Was a Follower of Ashenzari.
             Slain by a death yak (8 damage)
             ... while petrified by a basilisk
             ... on level 4 of the Lair of Beasts.
             The game lasted 01:00:44 (25162 turns).

Psyclone the Devastator (Deep Elf Conjurer)        Turns: 25162, Time: 01:00:45

Health: 0/124      AC: 30    Str:  4    XL:     13   Next: 96%
Magic:  18/32      EV:  2    Int: 29    God:    Ashenzari [*.....]
Gold:   1090       SH:  0    Dex:  8    Spells: 22/38 levels left

rFire   + . .        f - +6 dagger "Circumscribed Together" {elec, Elem, Fort} (curse)
rCold   + . .        (no shield)
rNeg    + + +        a - melded +1 robe
rPois   ∞            Q - melded +0 hat {Stlth+}
rElec   .            (cloak currently unavailable)
rCorr   .            (gloves currently unavailable)
SInv    .            m - melded +0 pair of boots
Will    +....        F - amulet of regeneration
Stlth   ++           d - ring of Toth-Mos's Legacy {rF+ rC+ rN+++ AC+4 Dex-5, Self, Bglg} (curse)
HPRegen 1.20/turn    I - +5 ring of evasion
MPRegen 0.23/turn

%: no passive effects
@: tree-form, petrified
A: stationary, stasis, torment immunity, boosted hp
a: Renounce Religion, Curse Item, Shatter the Chains


You were on level 4 of the Lair of Beasts.
You worshipped Ashenzari.
Ashenzari was aware of your devotion.
You were a tree.
You visited 3 branches of the dungeon, and saw 17 of its levels.
You also visited: Bailey.

You collected 1090 gold pieces.

Inventory:

Hand Weapons
 f - the cursed +6 dagger "Circumscribed Together" (weapon) {elec, Elem, Fort}
   (You took it off a goblin on level 3 of the Dungeon)

   It has a curse which improves the following skills: Elements: Fire Magic, Ice
   Magic, Air Magic and Earth Magic.
   Fortitude: Armour and Shields.
Missiles
 v - 5 throwing nets {!f}
Armour
 a - a +1 robe (melded)
 m - a +0 pair of boots (melded)
 y - the +3 ring mail "Xyzux" {Str+4 Dex+4}
   (You found it on level 5 of the Dungeon)

   Str:       It affects your strength (+4).
   Dex:       It affects your dexterity (+4).
 A - a +0 helmet
 L - a +0 kite shield
 Q - a +0 hat of stealth (melded)
Magical Staves
 p - a staff of fire
 t - a staff of death
 C - a staff of cold
Jewellery
 d - the cursed ring of Toth-Mos's Legacy (left branch) {rF+ rC+ rN+++ AC+4 Dex-5, Self, Bglg}
   (You acquired it on level 2 of the Dungeon)

   [ring of protection]

   AC:        It affects your AC (+4).
   Dex:       It affects your dexterity (-5).
   rF:        It protects you from fire.
   rC:        It protects you from cold.
   rN:        It renders you almost immune to negative energy.
   It has a curse which improves the following skills: Introspection: Fighting
   and Spellcasting.
   Beguiling: Conjurations, Hexes and Translocations.
 s - a ring of resist corrosion
 F - an amulet of regeneration (around neck)
 I - a +5 ring of evasion (right branch)
 K - a ring of magical power
Wands
 x - a wand of paralysis (20)
 B - a wand of acid (10)
 J - a wand of flame (22)
Scrolls
 g - 5 scrolls of amnesia
 h - a scroll of blinking
 i - 4 scrolls of enchant armour
 o - 3 scrolls of fog
 r - 2 scrolls of torment
 u - 2 scrolls of noise
 z - 3 scrolls of fear
 D - 2 scrolls of magic mapping
 G - a scroll of brand weapon
 H - 2 scrolls of poison
 O - 2 scrolls of vulnerability
 R - a scroll of immolation
 S - a scroll of teleportation
Potions
 b - 3 potions of magic
 c - 5 potions of degeneration
 e - 2 potions of heal wounds
 j - 4 potions of haste
 l - 3 potions of mutation
 n - 3 potions of invisibility
 q - 7 potions of curing
 w - 5 potions of might
 E - a potion of berserk rage
 M - 4 potions of flight
 N - a potion of brilliance
 P - 3 potions of ambrosia


   Skills:
 - Level 9.6(10.4) Fighting
 - Level 10.0 Dodging
 - Level 2.4 Stealth
 - Level 12.6(13.4) Spellcasting
 - Level 16.8(17.5) Conjurations
 + Level 3.2(3.9) Hexes
 - Level 11.2(12.0) Fire Magic


You had 22 spell levels left.
You knew the following spells:

 Your Spells              Type           Power      Damage    Failure   Level
a - Magic Dart            Conj           100%       1d8       0%          1
b - Searing Ray           Conj           100%       2d8       0%          2
c - Fireball              Conj/Fire      40%        3d16      1%          5
d - Fulminant Prism       Conj/Hex       34%        3d16      1%          4
e - Iskenderun's Mystic   Conj/Tloc      63%        2d13      1%          4

Your spell library contained the following spells:

 Spells                   Type           Power      Damage    Failure   Level
 Foxfire                  Conj/Fire      100%       2x1d9     0%          1
 Slow                     Hex            100%       N/A       1%          1
 Ensorcelled Hibernation  Hex/Ice        62%        N/A       1%          2
 Confusing Touch          Hex            42%        N/A       1%          3
 Dazzling Flash           Conj/Hex       100%       N/A       1%          3
 Tukima's Dance           Hex            42%        N/A       1%          3
 Starburst                Conj/Fire      40%        6d12      1%          6
 Lesser Beckoning         Tloc           38%        N/A       3%          2
 Portal Projectile        Hex/Tloc       62%        N/A       3%          3
 Gell's Gravitas          Tloc           19%        N/A       8%          3
 Spider Form              Tmut/Pois      19%        N/A       8%          3
 Teleport Other           Tloc           19%        N/A       8%          3
 Vampiric Draining        Necr           19%        2d7       8%          3
 Anguish                  Hex/Necr       15%        N/A       12%         4
 Summon Ice Beast         Ice/Summ       19%        N/A       26%         4
 Summon Mana Viper        Hex/Summ       30%        N/A       32%         5
 Plasma Beam              Fire/Air       26%        2x1d42    34%         6
 Blade Hands              Tmut           9%         N/A       58%         5
 Malign Gateway           Summ/Tloc      9%         N/A       100%        7
 Monstrous Menagerie      Summ           9%         N/A       100%        7


Dungeon Overview and Level Annotations

Branches:
Dungeon (12/15) Zot: 25652  Temple (1/1) D:5 Zot: 5855    Lair (4/5) D:9 Zot: 16267
  Swamp (0/4) Lair:3        Snake (0/4) Lair:3          Orc (0/2) D:11
 Bailey (visited)
  Slime: Lair:4-5

Altars:
Ashenzari
Cheibriados
Dithmenos
Elyvilon
Fedhas
Gozag
Hepliaklqana
Kikubaaqudgha
Makhleb
Nemelex Xobeh
Okawaru
Qazlal
Ru
Sif Muna
Trog
Uskayaw
Vehumet
Wu Jian
Xom
Yredelemnul
Zin
The Shining One

Shops:
D:2 =   D:5 ?

Annotations:
Lair:3 exclusion: downstairs


Message History

The elephant tramples you!
* * * LOW HITPOINT WARNING * * *
The elephant trunk-slaps you but does no damage.
The death yak gores you but does no damage. x2
The elephant tramples you but does no damage.
The elephant trunk-slaps you but does no damage.
The death yak gores you but does no damage. x3
The elephant tramples you.
* * * LOW HITPOINT WARNING * * *
The elephant trunk-slaps you but does no damage.
The death yak gores you!!
* * * LOW HITPOINT WARNING * * *
The death yak gores you but does no damage.
The elephant tramples you but does no damage.
The elephant trunk-slaps you but does no damage.
The death yak gores you but does no damage. x2
The death yak gores you!
* * * LOW HITPOINT WARNING * * *
The death yak gores you but does no damage.
The elephant tramples you but does no damage.
The elephant trunk-slaps you but does no damage.
The death yak gores you!
* * * LOW HITPOINT WARNING * * *
The elephant tramples you but does no damage.
The elephant trunk-slaps you but does no damage.
The death yak gores you.
* * * LOW HITPOINT WARNING * * *
The death yak gores you!
* * * LOW HITPOINT WARNING * * *
The death yak gores you but does no damage.
The elephant tramples you but does no damage.
The elephant trunk-slaps you but does no damage.
The death yak gores you but does no damage.
The death yak gores you.
* * * LOW HITPOINT WARNING * * *
The elephant tramples you but does no damage.
The elephant trunk-slaps you but does no damage.
The death yak gores you but does no damage. x2
The death yak gores you!
You die... .. ....rll #PP

.+##### #..### ##.r#
#P..PP## #.#.+##. #.....(#
###........
#####+#.###..+....... .
##.........#.......$..
....##....Y†Y†.............
#....<.DY♣Yl..#.#........
##.##..JYYYD.(+.##.......
#. +....Jl...#.. ....... #
#.........####r......
###.##.#.#.# ....... ###
..#### #.+#### .## ##


You could see 5 death yaks, a six-headed hydra, a four-headed hydra, 2
elephants, 2 basilisks and 2 jellies.

Vanquished Creatures
  Gastronok (Lair:2)
  Josephine (D:9)
  3 hydras
  2 two-headed ogres (D:10)
  7 death yaks (Lair:3)
  Nergalle (D:12)
  Amaemon (D:10)
  A bog body (Lair:3)
  Pikel (D:9)
  A necromancer (D:9)
  2 deep elf pyromancers
  A salamander (Lair:3)
  A cyclops (D:11)
  7 elephants (Lair:3)
  6 cane toads
  An orange demon (D:10)
  A torpor snail (Lair:1)
  2 unseen horror zombies
  4 rime drakes
  Maggie (D:9)
  6 komodo dragons
  5 unseen horror skeletons (D:9)
  2 polar bears
  2 trolls
  6 dream sheep (Lair:3)
  4 blink frogs (Lair:3)
  2 slime creatures (D:12)
  4 flying skulls (D:9)
  2 shadows (D:9)
  8 wraiths
  12 wyverns
  Grum (D:9)
  24 yaks
  4 basilisks
  Menkaure (D:7)
  A vampire mosquito (D:8)
  2 acid dragons
  13 water moccasins
  8 orc warriors
  4 black bears
  A sky beast (D:8)
  2 ogres (D:6)
  4 centaurs
  12 wolves
  3 lemures (D:9)
  Blork the orc (D:5)
  4 kobold brigands
  9 bullfrogs
  A scorpion (D:6)
  2 gnoll sergeants
  16 wights
  9 killer bees (D:9)
  3 electric eels
  11 howler monkeys
  3 lava snakes (Lair:3)
  3 hounds
  6 jellies
  3 centaur skeletons (D:9)
  6 orc priests
  3 sleepcaps
  2 gnoll boudas
  3 iguanas
  9 orc wizards
  12 hell rats (Lair:4)
  Terence (D:3)
  A killer bee zombie (D:9)
  2 howler monkey zombies (D:9)
  19 gnolls
  5 adders
  2 howler monkey skeletons (D:9)
  A shadow imp (D:6)
  3 white imps
  2 ufetubi
  2 dart slugs
  44 orcs
  4 ball pythons
  9 bats
  3 endoplasms
  2 giant cockroaches
  17 goblins
  5 hobgoblins
  3 jackals (D:2)
  31 kobolds
  6 quokkas
  5 frilled lizards
  A quokka zombie (D:8)
  3 rats
  A rat zombie (D:8)
456 creatures vanquished.

Vanquished Creatures (others)
  A hell beast (Temple)
  A rust devil (Temple)
  122 fulminant prisms
124 creatures vanquished.

Grand Total: 580 creatures vanquished

Notes
Turn   | Place    | Note
-------+----------+-------------------------------------------
     0 | D:1      | Psyclone the Deep Elf Conjurer began the quest for the Orb.
     0 | D:1      | Reached XP level 1. HP: 10/10 MP: 6/6
   256 | D:1      | Reached XP level 2. HP: 15/15 MP: 0/8
   283 | D:1      | Reached skill level 5 in Conjurations
  1013 | D:2      | Identified the +5 leather armour of Fyteuss {-Cast rElec
                  | rF- Stlth+}
  1173 | D:2      | Found Faagipt's Jewellery Shoppe.
  1415 | D:2      | Noticed a black bear
  1427 | D:2      | Killed a black bear
  1428 | D:2      | Reached skill level 6 in Conjurations
  1428 | D:2      | Reached XP level 3. HP: 8/19 MP: 0/9
  1428 | D:2      | Reached XP level 4. HP: 11/24 MP: 0/10
  1512 | D:2      | Learned a level 2 spell: Searing Ray
  2216 | D:2      | Identified a scroll of acquirement
  2216 | D:2      | Acquired the ring "Digotz" {rF+ rC+ rN+++ AC+4 Dex-5}
  2346 | D:3      | Reached skill level 7 in Conjurations
  2346 | D:3      | Reached XP level 5. HP: 28/28 MP: 8/11
  2592 | D:3      | Noticed Terence
  2598 | D:3      | Killed Terence
  3966 | D:4      | Reached skill level 8 in Conjurations
  3966 | D:4      | Reached XP level 6. HP: 32/32 MP: 2/12
  4594 | D:5      | Entered Level 5 of the Dungeon
  4716 | D:5      | Reached skill level 9 in Conjurations
  4954 | D:5      | Found a staircase to the Ecumenical Temple.
  4979 | D:5      | Identified the +3 ring mail "Xyzux" {Str+4 Dex+4}
  5031 | Temple   | Entered the Ecumenical Temple
  5031 | Temple   | Noticed an Executioner
  5031 | Temple   | Noticed a smoke demon
  5031 | Temple   | Noticed a cacodemon
  5031 | Temple   | Noticed a ynoxinul
  5031 | Temple   | Noticed an orange demon
  5031 | Temple   | Noticed an orange demon
  5032 | Temple   | Noticed a hell beast
  5032 | Temple   | Noticed Raurohav the pandemonium lord
  5032 | Temple   | Noticed Lazamnef the pandemonium lord
  5033 | Temple   | Noticed a rust devil
  5035 | Temple   | Noticed Taisch the pandemonium lord
  5063 | Temple   | Killed a rust devil
  5076 | Temple   | Noticed a Brimstone Fiend
  5076 | Temple   | Noticed Yrothab the pandemonium lord
  5092 | Temple   | Noticed a balrug
  5093 | Temple   | Noticed Vania the pandemonium lord
  5093 | Temple   | Noticed a Tzitzimitl
  5094 | Temple   | Noticed a chaos spawn
  5102 | Temple   | Noticed Hoh Tia the pandemonium lord
  5102 | Temple   | Noticed a red devil
  5104 | Temple   | Noticed a Brimstone Fiend
  5157 | Temple   | Killed a hell beast
  5412 | D:5      | Learned a level 4 spell: Fulminant Prism
  5417 | D:5      | Learned a level 4 spell: Iskenderun's Mystic Blast
  5487 | D:5      | Reached XP level 7. HP: 36/36 MP: 7/13
  5549 | D:5      | Found Viwier Nitz's Magic Scroll Emporium.
  5563 | D:5      | Identified the +4 trident of Yfewkip {freeze, Dex+2}
  5682 | D:5      | Noticed Blork the orc
  5691 | D:5      | Killed Blork the orc
  6096 | D:5      | Found an ornate altar of the Wu Jian Council.
  6101 | D:5      | Found a broken altar of Ashenzari.
  6102 | D:5      | Found an ancient bone altar of Kikubaaqudgha.
  6105 | D:5      | Became a worshipper of Ashenzari the Shackled
  6512 | D:6      | Reached skill level 10 in Conjurations
  6975 | D:6      | Reached XP level 8. HP: 41/41 MP: 9/14
  6983 | D:6      | Reached skill level 5 in Dodging
  7492 | D:6      | Reached skill level 11 in Conjurations
  8839 | D:7      | Reached XP level 9. HP: 45/45 MP: 8/15
  8895 | D:7      | Noticed Menkaure
  8901 | D:7      | Killed Menkaure
  9255 | D:8      | Found a flagged portal.
  9264 | D:8      | Reached skill level 12 in Conjurations
  9385 | Bailey   | Entered a bailey
  9413 | Bailey   | Noticed an orc warlord
 10003 | Bailey   | Found a runed translucent gate.
 10003 | Bailey   | Found a runed translucent gate.
 10012 | Bailey   | Found a runed translucent gate.
 10679 | Bailey   | Reached skill level 5 in Fighting
 10679 | Bailey   | Reached XP level 10. HP: 60/60 MP: 15/25
 11001 | D:8      | Reached skill level 10 in Dodging
 11220 | D:8      | Reached skill level 13 in Conjurations
 11226 | D:8      | Reached skill level 10 in Spellcasting
 11532 | D:8      | Noticed a deep elf pyromancer
 11538 | D:8      | Killed a deep elf pyromancer
 11948 | D:8      | Found a radiant altar of Vehumet.
 12056 | D:9      | Reached XP level 11. HP: 36/66 MP: 10/27
 12541 | D:9      | Noticed Pikel
 12555 | D:9      | Killed Pikel
 12857 | D:9      | Found a staircase to the Lair.
 12994 | D:9      | Found a stormy altar of Qazlal.
 13009 | D:9      | Found a basalt altar of Yredelemnul.
 13149 | D:9      | Noticed a necromancer
 13285 | D:9      | Killed a necromancer
 13344 | D:9      | Noticed Grum
 13357 | D:9      | Killed Grum
 13841 | D:9      | Noticed Maggie
 13850 | D:9      | Killed Maggie
 14065 | D:9      | Noticed Josephine
 14085 | D:9      | Killed Josephine
 14279 | D:10     | Entered Level 10 of the Dungeon
 14415 | D:10     | Noticed a two-headed ogre
 14438 | D:10     | Killed a two-headed ogre
 14439 | D:10     | Reached XP level 12. HP: 77/77 MP: 18/30
 14614 | D:10     | Reached skill level 14 in Conjurations
 14745 | D:10     | Noticed a two-headed ogre
 14757 | D:10     | Killed a two-headed ogre
 14825 | D:10     | Noticed Amaemon
 14842 | D:10     | Killed Amaemon
 15315 | D:10     | Found an opulent altar of Gozag.
 15433 | D:11     | Reached skill level 15 in Conjurations
 15567 | D:11     | Identified the +2 leather armour of Fedhas's Fury {rC+
                  | Dex+8}
 15666 | D:11     | Found a staircase to the Orcish Mines.
 16028 | D:11     | Got Marchut's Textbook on Necromancy and the Boggart
 16253 | D:12     | Noticed Nergalle
 16277 | D:12     | Found a hide-covered altar of Uskayaw.
 16279 | D:12     | Killed Nergalle
 16570 | D:12     | Reached skill level 16 in Conjurations
 17504 | Lair:1   | Entered Level 1 of the Lair of Beasts
 18715 | Lair:1   | Reached * piety under Ashenzari
 19224 | Lair:2   | Noticed Gastronok
 19252 | Lair:2   | Killed Gastronok
 19253 | Lair:2   | Reached XP level 13. HP: 72/83 MP: 1/32
 19395 | Lair:2   | Learned a level 5 spell: Fireball
 19605 | Lair:2   | Reached skill level 1 in Fire Magic
 21857 | Lair:3   | Reached skill level 5 in Fire Magic
 22234 | Lair:3   | Found a staircase to the Swamp.
 23583 | Lair:3   | Found a staircase to the Snake Pit.
 24008 | Lair:4   | Reached skill level 10 in Fire Magic
 24996 | Lair:3   | Reached skill level 1 in Hexes
 25162 | Lair:4   | Slain by a death yak

Illustrated notes

Levels and vault maps discovered:
D:1:      erik_arrival_cave_to_civilisation [erik_arrival_cave_to_hall],
          layout_basic
D:2:      minmay_inner_zag, layout_basic, serial_shops, nicolae_shop_waterfront,
          serial_rivers, chequers_serial_rivers_large_b,
          chequers_serial_rivers_micro_c, chequers_serial_rivers_micro_d,
          chequers_serial_rivers_room_a, chequers_serial_rivers_room_b
D:3:      layout_basic, minmay_gold_behind_fungi,
          chequers_serial_rivers_micro_e, hangedman_abyss_or_decor_lesser_grid,
          minmay_misc_feat_room, nrook_loot_triangle, uniq_terence
D:4:      layout_gridville
D:5:      layout_basic, minitemple, temple_pool_b, serial_shops, shop,
          uniq_blork_the_orc
D:6:      layout_layer_cave, hangedman_decor_opposing
D:7:      layout_basic, uniq_menkaure
D:8:      lemuel_ice_spiral_2, layout_basic, marbit_many_paths, enter_ossuary_4,
          enter_bailey_5, minmay_misc_feat_pillars, minmay_three_doors
D:9:      hangedman_screamer, layout_basic, nicolae_overflow_hidden_temple,
          david_lair_shrubbed, uniq_maggie, uniq_pikel, uniq_grum
D:10:     layout_cross, mainiacjoe_overflow_24_doors, uniq_amaemon
D:11:     layout_cave_pods, david_orc_2, minmay_lizard_king
D:12:     layout_basic, nicolae_uskayaw_murder_on_the_dancefloor, uniq_nergalle
Temple:   nicolae_temple_panitentiary
Lair:1:   layout_loops_ring, minmay_hedge_maze
Lair:2:   layout_chaotic_city, nicolae_lair_lil_pond, uniq_gastronok
Lair:3:   layout_cellular_growth, skrybe_swamp_entry_bodies,
          nicolae_snake_entry_warm_welcome, serial_bayou_lagoon_a,
          hibernation_bobbens
Lair:4:   layout_roguey [special_room_mythical_zoo],
          nicolae_slime_entry_field_trip, basic_altar

Skill      XL: |  1  2  3  4  5  6  7  8  9 10 11 12 13 |
---------------+----------------------------------------+-----
Conjurations   | 6 7 8 9 10 11 12 13 16 | 16.8
Dodging        | 4 7 9 10 | 10.0
Fighting       | 5 6 9 |  9.6
Spellcasting   | 9 10 11 12 | 12.6
Fire Magic     | 11 | 11.2
Hexes          | 3 |  3.2
Stealth        | |  2.4

Action                     |  1- 3 |  4- 6 |  7- 9 | 10-12 | 13-15 || total
---------------------------+-------+-------+-------+-------+-------++-------
  Melee: Short sword       |     3 |       |       |       |       ||     3
         Dagger            |       |    41 |     8 |   146 |    48 ||   243
         Punch             |       |       |       |     2 |     3 ||     5
   Cast: Magic Dart        |    48 |    63 |    84 |    29 |     7 ||   231
         Searing Ray       |       |    16 |    45 |    78 |     4 ||   143
         Fulminant Prism   |       |       |     3 |    94 |    27 ||   124
         Iskenderun's Myst |       |       |     1 |    60 |   101 ||   162
         Fireball          |       |       |       |       |    44 ||    44
 Invoke: Curse Item        |       |       |       |     2 |       ||     2
    Use: Scroll            |     4 |     6 |    11 |     2 |     1 ||    24
         Potion            |     4 |       |     1 |     1 |     2 ||     8
   Stab: Sleeping          |       |     2 |       |       |     1 ||     3
 Armour: Robe              |     4 |    38 |    23 |   132 |    34 ||   231
         Skin              |       |       |       |       |    37 ||    37
  Dodge: Dodged            |     6 |    64 |    32 |   352 |   183 ||   637
